AoeStats
← xuan

Arabia

510256400Analyzed
1v1 RM · 1d ago on Sep 30, 2026· 33m 45s· 2 players
Game mode
Random Map
Map size
Tiny (2 player)
Population
200
Speed
Normal
Resources
Standard
Victory
Conquest
Starting age
Dark Age
Ending age
Imperial Age
RankedLock teamsTeams togetherTeam positionsShared explorationLock speedFull tech treeHidden civsTurbo modeCheats
Victory
Defeat
🇫🇷 Koreans · France
1580
+15
🇹🇼 Wei · Taiwan
1559
-15
xuan
6:23 Loom
8:47 Feudal Age
9:24 Double-Bit Axe
11:35 Horse Collar
14:35 Wheelbarrow
18:31 Fletching
21:54 Gold Mining
22:43 Padded Archer Armor
24:54 Castle Age
26:13 Bodkin Arrow
26:56 Bloodlines
27:08 Leather Archer Armor
27:21 Husbandry
29:37 Ballistics
32:44 Bow Saw
33:21 Thumb Ring
robertodonati95
6:22 Loom
8:51 Feudal Age
9:41 Double-Bit Axe
13:41 Fletching
21:49 Castle Age
20:58 Horse Collar
21:52 Crossbowman
22:28 Bodkin Arrow
25:37 Ballistics
25:52 Forging
26:33 Bow Saw
26:24 Heavy Plow
26:15 Gold Mining
28:04 Stone Mining
28:51 Wheelbarrow
28:55 Thumb Ring
Connection lost

Rejoining the realm…

Still unreachable

The connection could not be restored.

Session expired

The server has moved on; the page needs a fresh start.